 Dungeon Crawl Stone Soup version 0.29-a0-824-gd827844252 (webtiles) character file.

Game seed: 2148860949010214551

3681 jimonade the Covert (level 10, -5/58 HPs)
             Began as a Kobold Brigand on July 10, 2022.
             Was an Initiate of Okawaru.
             Slain by Harold
             ... wielding a +4 scimitar of flaming
              (17 damage)
             ... on level 9 of the Dungeon.
             The game lasted 00:27:19 (11234 turns).

jimonade the Covert (Kobold Brigand)               Turns: 11234, Time: 00:27:20

Health: -5/58      AC: 12    Str:  8    XL:     10   Next: 35%
Magic:  0/13       EV: 17    Int: 17    God:    Okawaru [......]
Gold:   249        SH:  0    Dex: 21    Spells: 14/14 levels left

rFire   . . .      SeeInvis .   V - +2 dagger (elec)
rCold   . . .      Faith    .   (no shield)
rNeg    . . .      Spirit   +   F - +5 leather armour of Fiujituc {Int+4}
rPois   .          Reflect  .   G - +0 helmet
rElec   .          Harm     .   O - +1 cloak {Stlth+}
rCorr   +          Rampage  .   Q - +0 pair of gloves
Will    .....                   (no boots)
Stlth   ++++++++..              C - amulet of guardian spirit
HPRegen 0.19/turn               q - ring of resist corrosion
MPRegen 0.13/turn               (no ring)

@: no status effects
A: small, no large weapons, nightstalker 3
a: Renounce Religion


You were on level 9 of the Dungeon.
You worshipped Okawaru.
Okawaru was noncommittal.
You visited 2 branches of the dungeon, and saw 10 of its levels.

You collected 463 gold pieces.
You spent 214 gold pieces at shops.

Inventory:

Hand Weapons
 a - a +2 dagger
 c - a +0 dagger of venom
 j - a +0 hand axe
 s - a +2 dagger of protection
 I - a +0 long sword
 J - a +1 dagger of flaming
 L - a +1 morningstar of draining
 V - a +2 dagger of electrocution (weapon)
Missiles
 d - 21 poisoned darts (quivered)
 e - 3 curare-tipped darts
 w - a throwing net
Armour
 b - a +0 robe
 F - the +5 leather armour of Fiujituc (worn) {Int+4}
   (You took it off an orc on level 3 of the Dungeon)

   Int:       It affects your intelligence (+4).
 G - a +0 helmet (worn)
 N - a +0 chain mail
 O - a +1 cloak of stealth (worn)
 Q - a +0 pair of gloves (worn)
 T - an orb of guile
 W - the +3 helmet of Sorcery {rF- rC++ Str+3}
   (You found it on level 9 of the Dungeon)

   Str:       It affects your strength (+3).
   rF:        It makes you vulnerable to fire.
   rC:        It greatly protects you from cold.
Magical Staves
 S - a staff of air
Jewellery
 k - an amulet of faith
 q - a ring of resist corrosion (left hand)
 C - an amulet of guardian spirit (around neck)
 M - a ring of positive energy
Wands
 v - a wand of iceblast (8)
 y - a wand of quicksilver (15)
 D - a wand of flame (27)
Scrolls
 f - 2 scrolls of amnesia {unknown}
 g - 4 scrolls of identify {unknown}
 i - 3 scrolls of noise {unknown}
 l - a scroll of summoning {unknown}
 n - a scroll of fog {unknown}
 p - 3 scrolls of torment {unknown}
 t - 3 scrolls of teleportation {unknown}
 u - 2 scrolls of immolation {unknown}
 x - 4 scrolls of brand weapon {unknown}
 z - 2 scrolls of magic mapping {unknown}
 A - 2 scrolls of blinking {unknown}
 H - 2 scrolls of enchant weapon {unknown}
 P - a scroll of vulnerability {unknown}
 R - 3 scrolls of fear {unknown}
Potions
 h - 2 potions of flight {unknown}
 m - 3 potions of curing
 o - a potion of cancellation {unknown}
 r - 2 potions of attraction {unknown}
 B - 2 potions of heal wounds {unknown}
 E - 3 potions of haste {unknown}
 K - a potion of mutation {unknown}
 U - a potion of brilliance {unknown}
 X - a potion of experience {unknown}


   Skills:
 * Level 4.6 Fighting
 + Level 8.7 Short Blades
 + Level 4.4 Throwing
 + Level 3.2 Armour
 + Level 5.8 Dodging
 + Level 13.9 Stealth
 * Level 2.6 Spellcasting


You had 14 spell levels left.
You didn't know any spells.
Your spell library contained the following spells:

 Spells                   Type           Power      Damage    Failure   Level
 Apportation              Tloc           4%         N/A       26%         1
 Magic Dart               Conj           8%         1d3       26%         1
 Necrotise                Necr           8%         1d4       26%         1
 Scorch                   Fire           4%         2d5       36%         2
 Searing Ray              Conj           4%         2d4       36%         2
 Portal Projectile        Hex/Tloc       4%         N/A       61%         3
 Flame Wave               Conj/Fire      2%         2d4       95%         4
 Fulminant Prism          Conj/Hex       1%         3d6       95%         4
 Leda's Liquefaction      Hex/Erth       1%         N/A       95%         4
 Summon Small Mammal      Summ           Unusable   N/A       N/A         1
 Call Canine Familiar     Summ           Unusable   N/A       N/A         3
 Summon Cactus Giant      Summ           Unusable   N/A       N/A         6

Dungeon Overview and Level Annotations

Branches:
Dungeon (9/15)             Temple (1/1) D:7            Lair (0/6) D:8
    Orc (0/2) D:9

Altars:
Ashenzari
Cheibriados
Dithmenos
Elyvilon
Fedhas
Gozag
Hepliaklqana
Kikubaaqudgha
Makhleb
Nemelex Xobeh
Okawaru
Qazlal
Ru
Sif Muna
Trog
Uskayaw
Wu Jian
Xom
Yredelemnul
Zin
The Shining One

Shops:
D:2 [   D:4 [?

Annotations:
D:5 3 runed translucent doors, zeratav's ghost, novice OpVM
D:7 Menkaure
D:9 Harold


Innate Abilities, Weirdness & Mutations

You are small and have problems with some larger weapons.
You are completely attuned to the shadows.


Message History

Harold hits you with a +4 scimitar of flaming!!
Harold burns you!
You hit Harold.
Harold is moderately wounded.
You hit Harold.
Harold is moderately wounded.
Harold hits you with a +4 scimitar of flaming!!
Harold burns you!
* * * LOW HITPOINT WARNING * * *
You barely miss Harold.
Harold is moderately wounded.
Okay, then.
You hit Harold but do no damage.
Harold is moderately wounded.
Harold hits you but does no damage.
Unknown command.
Press: ? - help, v - describe, . - travel
Here: Harold, wielding a +4 scimitar of flaming, wearing a +0 scale mail and quivering 5 throwing nets (moderately wounded)
The floor, spattered with blood.
Unknown command.
You hit Harold but do no damage. Lightning courses through Harold!
You punch Harold.
Harold is heavily wounded.
Harold drinks a potion.
Harold is healed!
You hit Harold but do no damage.
Harold is moderately wounded.
You hit Harold but do no damage.
Harold is moderately wounded.
Harold misses you.
You barely miss Harold.
Harold is moderately wounded.
You hit Harold but do no damage.
Harold is moderately wounded.
Harold closely misses you.
You closely miss Harold.
Harold is moderately wounded.
You hit Harold but do no damage. Lightning courses through Harold!
Harold is heavily wounded.
Harold hits you with a +4 scimitar of flaming!!
You die...

# #.################
..................
#......##..#.####.........
#......##..#.###########..
#......##..#...#####...#..
#......o@....8.......8.#..
#....).##@.#..)#####...#..
######.##..####'###'#.##..
#.##..# ##)..##.##..
#..#..# #.>.##.##.. ##.##'#
##...##)##..
########..#.####'###'#.##..
#......##)#.#...## ##)..#..
###......##.).')8.# #.8.#..
#.............#)..# #)))#..


You could see Harold and an orc.

Vanquished Creatures
  Erolcha (D:9)
  2 wyverns
  A steam dragon (D:7)
  A water moccasin (D:8)
  An ice beast (D:5)
  2 sky beasts (D:7)
  2 black bears
  3 ogres
  A centaur (D:7)
  A phantom (D:5)
  A gnoll sergeant (D:6)
  A kobold brigand (D:7)
  3 bullfrogs (D:7)
  A necrophage (D:7)
  4 scorpions
  4 howler monkeys
  5 orc priests
  3 hounds
  A jelly (D:4)
  Jessica (D:3)
  Terence (D:3)
  9 orc wizards
  Robin (D:2)
  7 gnolls
  10 adders
  4 white imps
  2 ufetubi
  2 worms
  2 dart slugs
  39 orcs
  7 endoplasms
  4 giant cockroaches
  13 goblins
  5 hobgoblins
  2 jackals
  4 quokkas
  A ball python (D:1)
  9 bats
  2 frilled lizards
  13 kobolds
  8 rats
184 creatures vanquished.

Vanquished Creatures (others)
  2 goblins
  26 plants (D:9)
28 creatures vanquished.

Grand Total: 212 creatures vanquished

Notes
Turn   | Place    | Note
-------+----------+-------------------------------------------
     0 | D:1      | jimonade the Kobold Brigand began the quest for the Orb.
     0 | D:1      | Reached XP level 1. HP: 12/12 MP: 1/1
    91 | D:1      | Reached XP level 2. HP: 9/17 MP: 2/2
  1150 | D:1      | Reached skill level 6 in Stealth
  1150 | D:1      | Reached XP level 3. HP: 21/21 MP: 3/3
  1750 | D:2      | Reached XP level 4. HP: 27/27 MP: 4/4
  1900 | D:2      | Reached skill level 7 in Stealth
  2362 | D:2      | Reached XP level 5. HP: 31/31 MP: 5/5
  2433 | D:2      | Found Moxiriko's Armour Shoppe.
  3085 | D:3      | Noticed Terence
  3089 | D:3      | Killed Terence
  3123 | D:3      | Identified the +5 leather armour of Fiujituc {Int+4}
  3268 | D:3      | Noticed Robin
  3312 | D:2      | Killed Robin
  3313 | D:2      | Reached skill level 8 in Stealth
  3683 | D:3      | Found a sparkling altar of Nemelex Xobeh.
  3737 | D:3      | Reached XP level 6. HP: 35/36 MP: 6/6
  3774 | D:3      | Noticed Jessica
  3777 | D:3      | Killed Jessica
  3936 | D:4      | Found Paraunakk's Armour Emporium.
  4261 | D:4      | Noticed an ogre
  4265 | D:4      | Killed an ogre
  4266 | D:4      | Reached skill level 5 in Short Blades
  4351 | D:4      | Found Foenysots's Magic Scroll Shop.
  4396 | D:4      | Reached skill level 1 in Armour
  4396 | D:4      | Reached XP level 7. HP: 40/40 MP: 7/7
  4479 | D:4      | Reached skill level 9 in Stealth
  4701 | D:5      | Entered Level 5 of the Dungeon
  4876 | D:5      | Found a runed translucent gate.
  4877 | D:5      | Found a runed translucent gate.
  4878 | D:5      | Found a runed translucent gate.
  4887 | D:5      | Reached skill level 10 in Stealth
  4917 | D:5      | Noticed zeratav's ghost (novice OpVM)
  4926 | D:5      | Reached XP level 8. HP: 34/46 MP: 6/8
  5566 | D:5      | Reached skill level 11 in Stealth
  7575 | D:6      | Reached XP level 9. HP: 51/51 MP: 9/9
  7678 | D:7      | Noticed Menkaure
  7908 | D:7      | Reached skill level 12 in Stealth
  8312 | D:7      | Found a staircase to the Ecumenical Temple.
  8383 | Temple   | Entered the Ecumenical Temple
  8850 | D:2      | Bought a +1 cloak of stealth for 214 gold pieces
  9142 | D:8      | Found a staircase to the Lair.
  9335 | D:8      | Reached skill level 13 in Stealth
  9870 | D:8      | Reached skill level 1 in Spellcasting
 10446 | D:9      | Noticed Erolcha
 10450 | D:9      | Killed Erolcha
 10451 | D:9      | Reached skill level 5 in Dodging
 10451 | D:9      | Reached XP level 10. HP: 58/58 MP: 10/13
 10688 | D:9      | Identified the +3 helmet of Sorcery {rF- rC++ Str+3}
 10841 | D:9      | Found a staircase to the Orcish Mines.
 11093 | D:9      | Found a hazy altar of Hepliaklqana.
 11094 | D:9      | Found a sacrificial altar of Ru.
 11094 | D:9      | Found a stormy altar of Qazlal.
 11098 | D:9      | Found an iron altar of Okawaru.
 11100 | D:9      | Found a bloodstained altar of Trog.
 11100 | D:9      | Found a shimmering blue altar of Sif Muna.
 11101 | D:9      | Found a basalt altar of Yredelemnul.
 11104 | D:9      | Became a worshipper of Warmaster Okawaru
 11221 | D:9      | Noticed Harold
 11234 | D:9      | Slain by Harold

Illustrated notes

Levels and vault maps discovered:
D:1:      lightli_arrival_statue_moat, layout_basic, hex_medium
D:2:      minmay_recursive_quarters, layout_loops_ring, serial_shops, shop
D:3:      layout_rooms, general_overflow_altar, nicolae_kite_square_tiling_tiny,
          kennysheep_generic_room_14, uniq_jessica, uniq_terence, uniq_robin
D:4:      layout_loops_cross, serial_shops, kennysheep_mini, shop,
          kennysheep_generic_room_3
D:5:      layout_cave_pods, gammafunk_ghost_icy, st_stairs_13
D:6:      layout_loops_ring
D:7:      layout_basic, minmay_temple_entry_drinking_statues, uniq_menkaure
D:8:      layout_loops_ring, lair_entry_dummy, minmay_strange_pillars
D:9:      layout_basic, grunt_temple_overflow_open, hiddenorc2_lemuel,
          chequers_hall_statues_corner_a, nicolae_looking_at_the_future,
          uniq_harold, uniq_maggie, uniq_erolcha
Temple:   nicolae_temple_bog_church

Skill      XL: |  1  2  3  4  5  6  7  8  9 |
---------------+----------------------------+-----
Short Blades   | 3 4 5 6 8 |  8.7
Stealth        | 6 7 8 10 11 13 | 13.9
Dodging        | 2 3 5 |  5.8
Armour         | 1 2 3 |  3.2
Fighting       | 3 4 |  4.6
Throwing       | 3 4 |  4.4
Spellcasting   | 2 |  2.6

Action                   |  1- 3 |  4- 6 |  7- 9 | 10-12 || total
-------------------------+-------+-------+-------+-------++-------
Melee: Dagger            |    50 |   184 |   515 |   137 ||   886
       Punch             |     3 |     2 |     9 |     2 ||    16
Throw: Dart              |       |     8 |    31 |       ||    39
 Stab: Sleeping          |    13 |    24 |    27 |     2 ||    66
       Distracted        |       |     1 |     2 |       ||     3
Armor: Robe              |     3 |    18 |       |       ||    21
       Leather armour    |       |    48 |   153 |    25 ||   226
Dodge: Dodged            |    19 |   140 |   258 |    50 ||   467

Table legend: (Time is in decaauts)
 A = Elapsed time spent in this place.
 B = Non-inter-level travel time spent in this place.
 C = Inter-level travel time spent in this place.
 D = Time resting spent in this place.
 E = Time spent auto-exploring this place.
 F = Levels seen in this place.
 G = Mean time per level.
                   A        B        C        D        E       F      G
               +--------+--------+--------+--------+--------+-----+--------+
         Total |  10973 |  10450 |    523 |   2284 |   5436 |  10 | 1097.3 |
       Dungeon |  10664 |  10167 |    497 |   2284 |   5166 |   9 | 1184.9 |
        Temple |    309 |    284 |     25 |      0 |    270 |   1 |  309.0 |
               +--------+--------+--------+--------+--------+-----+--------+

Top non-repeatable levels by time:
     D:2: 1809 daAuts
     D:6: 1537 daAuts
     D:1: 1455 daAuts
     D:5: 1378 daAuts
     D:8: 1233 daAuts
     D:7: 893 daAuts
     D:4: 839 daAuts
     D:9: 759 daAuts
     D:3: 758 daAuts
  Temple: 309 daAuts
